 Dungeon Crawl Stone Soup version 0.31.0-11-ge490571c62 (webtiles) character file.

Game seed: 8729825248798980419

39 Aldia the Changeling (level 3, 0/27 HPs)
             Began as a Merfolk Shapeshifter on Feb 4, 2024.
             Slain by an adder (2 damage)
             ... on level 2 of the Dungeon.
             The game lasted 00:00:59 (1178 turns).

Aldia the Changeling (Merfolk Shapeshifter)         Turns: 1178, Time: 00:01:00

Health: 0/27       AC:  2    Str: 16    XL:     3   Next: 45%
Magic:  3/3        EV: 13    Int:  9    God:
Gold:   33         SH:  0    Dex: 13    Spells: 2/2 levels left

rFire   . .          .
                       - Unarmed
rCold   . . .        (no shield)
rNeg    . . .        a - +0 animal skin
rPois   .            (helmet currently unavailable)
rElec   .            (cloak currently unavailable)
rCorr   .            (gloves currently unavailable)
SInv    .            (boots currently unavailable)
Will    .....        (no amulet)
Stlth   +            (no ring)
HPRegen 0.24/turn    (no ring)
MPRegen 0.08/turn

%: no passive effects
@: lethally poisoned (0 -> -7), beast-form
A: beast (slay +2), (nimble swimmer 2), mertail
a: Begin Untransformation


You were on level 2 of the Dungeon.
You were a hulking beast.
You visited 1 branch of the dungeon, and saw 2 of its levels.

You collected 33 gold pieces.

Inventory:

Armour
 a - a +0 animal skin (worn)
Talismans
 c - a beast talisman
 d - a flux talisman
Scrolls
 e - a scroll of noise {unknown}
 f - 3 scrolls of immolation
 g - a scroll of revelation {unknown}
Potions
 b - 3 potions of lignification


   Skills:
 + Level 1.9 Fighting
 + Level 3.2 Dodging
 * Level 4.0 Unarmed Combat
 + Level 4.3 Shapeshifting


You had 2 spell levels left.
You didn't know any spells.
Your spell library contained the following spells:

 Spells                   Type           Power      Damage    Failure   Level
 Summon Blazeheart Golem  Fire/Summ      0%         N/A       99%         4
 Orb of Destruction       Conj           0%         9d5       100%        7
 Spellforged Servitor     Conj/Summ      0%         N/A       100%        7


Dungeon Overview and Level Annotations

Branches:
Dungeon (2/15)

Altars:


Innate Abilities, Weirdness & Mutations

You are a hulking beast.
Your limbs bulge with bestial killing power. (Slay +2)
((You are very nimble when in or above water. (Stealth+, EV+, Speed+++)))
Your lower body shifts to a powerful aquatic tail in water.


Message History

The adder is moderately wounded.
You feel sick. The adder closely misses you. The adder bites you.
You are more poisoned.
The adder poisons you!
You hit the adder.
The adder is moderately wounded.
You feel sick. The adder bites you.
You are lethally poisoned!
The adder poisons you!
You are too injured to fight recklessly!
You are too injured to fight recklessly!
You are too injured to fight recklessly!
You are too injured to fight recklessly!
You barely miss the adder. Your punch misses the adder.
The adder is moderately wounded.
You feel very sick. The adder closely misses you.
You closely miss the adder.
The adder is moderately wounded.
You feel sick. The adder closely misses you.
You hit the adder.
The adder is heavily wounded.
* * * LOW HITPOINT WARNING * * *
You feel sick. The adder bites you but does no damage.
You miss the adder.
The adder is heavily wounded.
* * * LOW HITPOINT WARNING * * *
You feel sick. The adder barely misses you.
You miss the adder.
The adder is heavily wounded.
* * * LOW HITPOINT WARNING * * *
You feel sick. The adder misses you. The adder bites you.
* * * LOW HITPOINT WARNING * * *
You are more poisoned.
The adder poisons you!
You hit the adder but do no damage.
The adder is heavily wounded.
* * * LOW HITPOINT WARNING * * *
You feel sick. The adder bites you.
You die...

.##.##
##.......## #..##
.#### ##.....##
#.#### .# ##...##
#....# .# ##+##
####.# .# #. #.#
.# ####.## #.#
....... #.#
.....?.#### #.#
#....Sh..# #.#
#........######.#
#.#.............#
##.....########
........#
.....#### ######


You could see an adder.

Vanquished Creatures
  2 dart slugs (D:1)
  3 ball pythons
  5 endoplasms (D:1)
  2 giant cockroaches (D:1)
  3 hobgoblins (D:1)
  3 kobolds
  2 quokkas (D:1)
  3 bats (D:1)
  4 goblins
  3 rats
30 creatures vanquished.

Notes
Turn   | Place    | Note
-------+----------+-------------------------------------------
     0 | D:1      | Aldia the Merfolk Shapeshifter began the quest for the Orb.
     0 | D:1      | Reached XP level 1. HP: 15/15 MP: 1/1
    79 | D:1      | Reached XP level 2. HP: 14/21 MP: 2/2
   379 | D:1      | Found a faded altar of an unknown god.
   441 | D:1      | Reached XP level 3. HP: 19/26 MP: 3/3
  1178 | D:2      | Slain by an adder

Illustrated notes

Levels and vault maps discovered:
D:1:      eino_arrival_druids_welcome, layout_basic,
          hellmonk_ecumenical_altar_blasted, hangedman_decor_growths
D:2:      layout_loops_corners, serial_shops, nicolae_shop_tiny_statue_garden,
          chequers_serial_rivers_small_a, minmay_hedge_maze, minivault_24

Skill      XL: |  1  2  3 |
---------------+----------+-----
Dodging        | 3 |  3.2
Unarmed Combat | 4 |  4.0
Fighting       | |  1.9
Shapeshifting  | |  4.3

Action                     || total
---------------------------++-------
  Melee: Unarmed           ||    90
 Armour: Animal skin       ||    43
  Dodge: Dodged            ||    54
